 Dungeon Crawl Stone Soup version 0.25.1-1-g288607f (webtiles) character file.

Game seed: 16587651585419104971

766 Gadfly the Chopper (level 7, -8/54 HPs)
             Began as a Demonspawn Monk on July 27, 2020.
             Was a Follower of Uskayaw.
             Mangled by an ogre
             ... wielding a +0 giant club
              (15 damage)
             ... on level 5 of the Dungeon.
             The game lasted 00:09:39 (5719 turns).

Gadfly the Chopper (Demonspawn Monk)                Turns: 5719, Time: 00:09:39

Health: -8/54      AC: 14    Str: 14    XL:     7   Next: 52%
Magic:  9/9        EV:  5    Int: 11    God:    Uskayaw [*.....]
Gold:   223        SH:  0    Dex: 15    Spells: 6/6 levels left

rFire    + . .     SeeInvis .   a - +0 hand axe
rCold    . . .     Gourm    .   (no shield)
rNeg     . . .     Faith    .   n - +0 plate armour
rPois    .         Spirit   .   p - +2 hat
rElec    .         Reflect  .   m - +0 cloak
rCorr    .         Harm     .   (no gloves)
MR       +....                  (boots unavailable)
Stlth    ..........             (no amulet)
HPRegen  0.18/turn              q - ring of protection from magic
MPRegen  0.11/turn              t - ring of protection from fire

@: no status effects
A: hooves 3
a: Stomp, Renounce Religion


You were on level 5 of the Dungeon.
You worshipped Uskayaw.
Uskayaw was noncommittal.
You were not hungry.

You visited 2 branches of the dungeon, and saw 6 of its levels.
You also visited: Sewer.

You collected 223 gold pieces.

Inventory:

Hand Weapons
 a - a +0 hand axe (weapon)
 b - a +2 flail of draining
Missiles
 f - a throwing net (quivered)
Armour
 m - a +0 cloak (worn)
 n - a +0 plate armour (worn)
 p - a +2 hat (worn)
Jewellery
 q - a ring of protection from magic (left hand)
 r - an uncursed ring of protection from cold
 t - a ring of protection from fire (right hand)
Wands
 e - a wand of polymorph (9)
 o - a wand of iceblast (10)
Scrolls
 k - 2 scrolls of remove curse
 s - a scroll of enchant weapon
Potions
 d - a potion of haste
 h - 2 potions of resistance
 i - 2 potions of heal wounds
 j - a potion of curing {unknown}
 v - a potion of cancellation
Miscellaneous
 g - a phial of floods
Comestibles
 c - 10 rations
 l - a chunk of flesh


   Skills:
 + Level 4.0 Fighting
 * Level 5.5 Axes
 * Level 3.9 Armour
 - Level 2.6 Dodging
 - Level 1.7 Stealth
 + Level 3.0 Invocations
 * Level 2.5 Evocations


You had 6 spell levels left.
You didn't know any spells.
Your spell library was empty.

Dungeon Overview and Level Annotations

Branches:
Dungeon (5/15)             Temple (1/1) D:4           Sewer (visited)

Altars:
Ashenzari
Cheibriados
Dithmenos
Fedhas
Gozag
Hepliaklqana
Kikubaaqudgha
Makhleb
Nemelex Xobeh
Okawaru
Qazlal
Ru
Sif Muna
Trog
Uskayaw
Vehumet
Wu Jian
Xom
Yredelemnul
Zin
The Shining One


Innate Abilities, Weirdness & Mutations

You have hooves in place of feet.


Message History

You hit the ogre.
The ogre is moderately wounded.
The ogre hits you with a +0 giant club!
You are too injured to fight recklessly!
You are too injured to fight recklessly!
You are too injured to fight recklessly!
You are too injured to fight recklessly!
You are too injured to fight recklessly!
You are too injured to fight recklessly!
You are too injured to fight recklessly!
An ogre is nearby!
Unknown command.
You hit the ogre. You kick the ogre.
The ogre is heavily wounded.
The ogre hits you with a +0 giant club!
* * * LOW HITPOINT WARNING * * *
You hit the ogre but do no damage.
The ogre is heavily wounded.
The ogre hits you with a +0 giant club!
You die...

######## #......##
#.#.....# ### #.#.##..#
#.. #.#.##..# #.#
#.#.##..# #.# #.#.##..#
#.#
#######'#.#...###.#####
#...>.@................
#....O..?.#.#.#.#.####.
#.........#.#...#... #.
#.........#.#####......
#.........#. .......
...........## #...##.
##.......... ....##.
.........### ###.##.


You could see an ogre.

Vanquished Creatures
  Purgy (Sewer)
  An ice beast (D:4)
  An ogre (D:4)
  A crimson imp (D:3)
  2 hounds (D:4)
  A centaur skeleton (D:4)
  2 orc wizards (D:4)
  An orc priest (D:4)
  An iguana (D:4)
  3 worker ants
  6 adders
  2 shadow imps
  An ooze (D:4)
  5 worms
  A dart slug (D:1)
  3 leopard geckos
  7 orcs (D:4)
  6 bats
  5 giant cockroaches
  9 goblins
  6 hobgoblins
  6 jackals
  11 kobolds
  2 ball pythons
  7 frilled lizards
  2 quokka skeletons
  11 rats
104 creatures vanquished.

Notes
Turn   | Place    | Note
-------+----------+-------------------------------------------
     0 | D:1      | Gadfly the Demonspawn Monk began the quest for the Orb.
     0 | D:1      | Reached XP level 1. HP: 18/18 MP: 1/1
   186 | D:1      | Reached skill level 3 in Axes
   198 | D:1      | Gained mutation: You have large cloven feet. [demonic
                  | ancestry]
   198 | D:1      | Reached XP level 2. HP: 9/24 MP: 2/2
   583 | D:1      | Reached skill level 1 in Armour
   605 | D:1      | Gained mutation: You have hoof-like feet. [demonic
                  | ancestry]
   605 | D:1      | Reached XP level 3. HP: 11/29 MP: 3/3
  1559 | D:2      | Found a hide-covered altar of Uskayaw.
  1564 | D:2      | Found a sparkling altar of Nemelex Xobeh.
  1566 | D:2      | Found a stormy altar of Qazlal.
  1981 | D:2      | Reached skill level 4 in Axes
  1981 | D:2      | Reached XP level 4. HP: 25/35 MP: 4/4
  2662 | D:2      | Became a worshipper of Uskayaw the Reveler
  2662 | D:2      | Reached * piety under Uskayaw
  2739 | D:3      | Reached ** piety under Uskayaw
  2795 | D:3      | Reached XP level 5. HP: 41/41 MP: 5/5
  2963 | D:3      | Found an ornate altar of the Wu Jian Council.
  3031 | D:3      | Reached skill level 1 in Invocations
  3726 | D:4      | Found a glowing drain.
  3898 | Sewer    | Entered a sewer
  3953 | Sewer    | Noticed Purgy
  3971 | Sewer    | Reached *** piety under Uskayaw
  3976 | Sewer    | Reached **** piety under Uskayaw
  3982 | Sewer    | Killed Purgy
  3982 | Sewer    | Gained mutation: You have hooves in place of feet. [demonic
                  | ancestry]
  3982 | Sewer    | Reached XP level 6. HP: 23/47 MP: 5/7
  3982 | Sewer    | Reached ***** piety under Uskayaw
  4396 | D:4      | Noticed an ice beast
  4416 | D:4      | Killed an ice beast
  4416 | D:4      | Reached skill level 1 in Evocations
  4420 | D:4      | Reached skill level 5 in Axes
  4572 | D:4      | Found an iron altar of Okawaru.
  4747 | D:4      | Reached XP level 7. HP: 37/53 MP: 8/8
  4922 | D:4      | Found a staircase to the Ecumenical Temple.
  4933 | Temple   | Entered the Ecumenical Temple
  5665 | D:5      | Entered Level 5 of the Dungeon
  5719 | D:5      | Mangled by an ogre

Illustrated notes

Levels and vault maps discovered:
D:1:      dpeg_arrival_chambers_temple_mockup, layout_loops_ring
D:2:      layout_loops_ring, minitemple, minmay_misc_feat_room,
          minmay_misc_feat_hallway
D:3:      layout_basic, nicolae_overflow_crystal_walls,
          chequers_decorated_corner, hangedman_abyss_or_decor_lesser_grid
D:4:      layout_basic, minmay_temple_entry_junction, first_ration,
          portal_sewer_entry_d, okawaru_metal_pillars_1_2
D:5:      layout_basic, serial_shops, shop_fountains,
          hangedman_decor_clover_reticule, minmay_misc_feat_rows,
          corexii_leaking_fountain
Temple:   regret_index_temple_sphere_string

Skill      XL: |  1  2  3  4  5  6  7 |
---------------+----------------------+-----
Axes           | 3 4 5 |  5.5
Armour         | 1 2 3 |  3.9
Invocations    | 1 2 3 |  3.0
Evocations     | 1 2 |  2.5
Fighting       | 4 |  4.0
Dodging        | |  2.6
Stealth        | |  1.7

Action                   |  1- 3 |  4- 6 |  7- 9 || total
-------------------------+-------+-------+-------++-------
Melee: Hand axe          |   134 |   238 |    62 ||   434
       Kick              |    18 |    55 |    19 ||    92
Invok: Stomp             |       |     2 |       ||     2
  Use: Scroll            |     2 |    12 |     1 ||    15
       Potion            |       |     2 |     3 ||     5
 Stab: Paralysed         |       |     4 |    12 ||    16
  Eat: Chunk             |     3 |     6 |     4 ||    13
       Ration            |       |     1 |       ||     1
Armor: Ring mail         |    30 |       |       ||    30
       Plate armour      |    28 |   182 |    48 ||   258
       Skin              |       |    38 |       ||    38
Dodge: Dodged            |    64 |    69 |    14 ||   147
